 Dungeon Crawl Stone Soup version 0.28.0-53-g5a82cb258f (webtiles) character file.

Game seed: 14426461129066655725

682 hawla the Firebug (level 7, -7/36 HPs)
             Began as a Deep Elf Fire Elementalist on Aug 2, 2022.
             Killed by divine providence
             ... invoked by an orc priest
              (15 damage)
             ... on level 5 of the Dungeon.
             The game lasted 00:08:40 (4765 turns).

hawla the Firebug (Deep Elf Fire Elementalist)      Turns: 4765, Time: 00:08:41

Health: -7/36      AC:  5    Str:  7    XL:     7   Next: 34%
Magic:  2/14       EV: 13    Int: 20    God:
Gold:   146        SH:  0    Dex: 15    Spells: 6/13 levels left

rFire   + . .      SeeInvis .   k - staff of fire
rCold   . . .      Faith    .   (no shield)
rNeg    . . .      Spirit   .   a - +0 robe
rPois   .          Reflect  .   h - +0 hat
rElec   .          Harm     .   (no cloak)
rCorr   .          Rampage  .   (no gloves)
Will    .....                   b - +2 pair of boots
Stlth   ++........              (no amulet)
HPRegen 0.12/turn               (no ring)
MPRegen 0.14/turn               (no ring)

@: very slightly contaminated
A: no striking features
a: no special abilities


You were on level 5 of the Dungeon.
You visited 1 branch of the dungeon, and saw 5 of its levels.

You collected 146 gold pieces.

Inventory:

Hand Weapons
 c - a +2 short sword of draining
Missiles
 e - 3 poisoned darts
Armour
 a - a +0 robe (worn)
 b - a +2 pair of boots (worn)
 h - a +0 hat (worn)
Magical Staves
 k - a staff of fire (weapon)
Wands
 f - a wand of flame (16)
Scrolls
 g - 4 scrolls of teleportation
Potions
 d - a potion of cancellation {unknown}
 i - a potion of haste {unknown}
 j - 2 potions of curing {unknown}
 m - a potion of lignification {unknown}
 n - 2 potions of degeneration {unknown}


   Skills:
 + Level 2.8 Dodging
 + Level 2.8 Stealth
 + Level 3.6 Spellcasting
 + Level 5.4 Conjurations
 + Level 7.3 Fire Magic


You had 6 spell levels left.
You knew the following spells:

 Your Spells              Type           Power      Damage    Failure   Level
a - Foxfire               Conj/Fire      100%       2x1d9     1%          1
b - Scorch                Fire           98%        2d10      1%          2
c - Flame Wave            Conj/Fire      43%        2d9       10%         4

Your spell library contained the following spells:

 Spells                   Type           Power      Damage    Failure   Level
 Magic Dart               Conj           100%       1d8       1%          1
 Searing Ray              Conj           50%        2d6       2%          2
 Conjure Flame            Conj/Fire      43%        6-21      3%          3
 Inner Flame              Hex/Fire       27%        N/A       9%          3
 Beastly Appendage        Tmut           6%         N/A       14%         1
 Wereblood                Tmut           3%         N/A       21%         2
 Spider Form              Tmut/Pois      3%         N/A       38%         3
 Tukima's Dance           Hex            3%         N/A       38%         3
 Fulminant Prism          Conj/Hex       7%         3d7       41%         4
 Passage of Golubria      Tloc           3%         N/A       80%         4
 Yara's Violent Unravell  Hex/Tmut       1%         3d3       98%         5


Dungeon Overview and Level Annotations

Branches:
Dungeon (5/15)
 Temple: D:4-7

Altars:
Dithmenos
Trog
Xom
Zin


Message History

An orc priest comes into view. It is wielding a +0 mace.
The orc hits you but does no damage.
The orc priest mumbles some strange prayers to Beogh against you.
Beogh smites you!
The orc priest shouts!
You hear a shout!
The orc priest looks encouraged for a moment.
Casting: Foxfire (safe; 1% risk of failure)
Confirm with . or Enter, or press ? or * to list all spells.
You feel a surge of power!
Flames lash the orc but do no damage.
The orc priest looks encouraged for a moment.
Unknown command.
Casting: Scorch (safe; 1% risk of failure)
Confirm with . or Enter, or press ? or * to list all spells.
The spell is quite dangerous to miscast (10% risk of failure)!
Continue anyway?
Casting: Flame Wave (quite dangerous; 10% risk of failure)
Press: ? - help, Dir - look around, f - activate You feel a surge of power!
You miscast Flame Wave.
You are very lightly contaminated with residual magic.
You are blasted with searing flames.
You resist. The orc barely misses you.
An orc priest comes into view. It is wielding a +0 war axe.
Unknown command.
Casting: Flame Wave (quite dangerous; 10% risk of failure)
Confirm with . or Enter, or press ? or * to list all spells.
The spell is quite dangerous to miscast (10% risk of failure)!
Continue anyway?
Casting: Flame Wave (quite dangerous; 10% risk of failure)
Press: ? - help, Dir - look around, f - activate You feel a surge of power!
A wave of flame ripples out!
The flame wave engulfs the orc!
You kill the orc!
The flame wave engulfs the orc.
The orc is lightly wounded. (Press . to intensify the flame waves.)
You hear a shout!
The orc hits you with a +0 club.
* * * LOW HITPOINT WARNING * * *
An orc priest comes into view. It is wielding a +0 dagger.
The orc priest mumbles some strange prayers to Beogh against you.
Beogh smites you!
You die... #...# ###. .o. #.. .oo

... #)# #.# #o#
#.# #o# #.# #.#
#.#
#o#######.#####..
#@).....o...[....
#########.#######
#.# #.# #.# #.#
#.########
#.........
##########


You could see 4 orc priests and 3 orcs.

Vanquished Creatures
  Sigmund (D:2)
  A black bear (D:4)
  A howler monkey (D:4)
  2 hounds (D:4)
  An orc priest (D:5)
  Terence (D:3)
  A jelly (D:4)
  Jessica (D:3)
  An iguana (D:4)
  An orc wizard (D:3)
  A hound skeleton (D:4)
  7 adders
  An ufetubus (D:4)
  2 dart slugs
  7 orcs
  4 bats
  5 endoplasms
  4 giant cockroaches
  7 goblins
  5 hobgoblins
  4 jackals (D:1)
  4 quokkas
  12 ball pythons
  A frilled lizard (D:1)
  10 kobolds
  4 rats
89 creatures vanquished.

Vanquished Creatures (others)
  222 foxfires
222 creatures vanquished.

Grand Total: 311 creatures vanquished

Notes
Turn   | Place    | Note
-------+----------+-------------------------------------------
     0 | D:1      | hawla the Deep Elf Fire Elementalist began the quest for
                  | the Orb.
     0 | D:1      | Reached XP level 1. HP: 10/10 MP: 6/6
   159 | D:1      | Reached XP level 2. HP: 15/15 MP: 6/8
   162 | D:1      | Learned a level 2 spell: Scorch
   516 | D:1      | Reached skill level 4 in Fire Magic
  1230 | D:2      | Reached XP level 3. HP: 19/19 MP: 6/9
  1560 | D:2      | Reached XP level 4. HP: 24/24 MP: 7/11
  1565 | D:2      | Learned a level 4 spell: Flame Wave
  1956 | D:2      | Found a glowing silver altar of Zin.
  1972 | D:2      | Noticed Sigmund
  1980 | D:2      | Killed Sigmund
  1981 | D:2      | Reached skill level 5 in Fire Magic
  1981 | D:2      | Reached XP level 5. HP: 28/28 MP: 4/12
  2742 | D:3      | Noticed Terence
  2747 | D:3      | Killed Terence
  2748 | D:3      | Reached skill level 6 in Fire Magic
  2748 | D:3      | Reached XP level 6. HP: 24/32 MP: 5/13
  2945 | D:3      | Noticed Jessica
  2953 | D:3      | Killed Jessica
  3070 | D:3      | Found a shadowy altar of Dithmenos.
  4123 | D:4      | Reached XP level 7. HP: 36/36 MP: 7/14
  4156 | D:4      | Reached skill level 5 in Conjurations
  4156 | D:4      | Reached skill level 7 in Fire Magic
  4635 | D:5      | Entered Level 5 of the Dungeon
  4636 | D:5      | Found a shimmering altar of Xom.
  4636 | D:5      | Found a bloodstained altar of Trog.
  4765 | D:5      | Killed from afar by an orc priest

Illustrated notes

Levels and vault maps discovered:
D:1:      lightli_arrival_noodles, layout_loops_cross, amcnicky_mini_pool_small,
          kennysheep_pointless_box, bh_walls_and_bars
D:2:      layout_basic, basic_altar, minmay_snake_closets, uniq_sigmund
D:3:      layout_loops_cross, nicolae_dithmenos_through_a_glass_darkly,
          uniq_terence, uniq_jessica
D:4:      layout_basic
D:5:      layout_loops_ring, nicolae_overflow_hidden_temple

Skill      XL: |  1  2  3  4  5  6  7 |
---------------+----------------------+-----
Fire Magic     | 4 5 6 7 |  7.3
Conjurations   | 3 4 5 |  5.4
Dodging        | |  2.8
Stealth        | |  2.8
Spellcasting   | |  3.6

Action                   |  1- 3 |  4- 6 |  7- 9 || total
-------------------------+-------+-------+-------++-------
Melee: Short sword       |     2 |     4 |     3 ||     9
       Staff             |       |       |     1 ||     1
 Cast: Foxfire           |    48 |    71 |    12 ||   131
       Scorch            |     7 |    15 |     3 ||    25
       Flame Wave        |       |       |     1 ||     1
  Use: Scroll            |     1 |     6 |     1 ||     8
Armor: Robe              |     3 |     7 |     2 ||    12
Dodge: Dodged            |    25 |    24 |     3 ||    52
